AoeStats
← CamiloCor

Coastal Forest

510420571Analyzed
4v4 RM · 2d ago on Sep 30, 2026· 40m 43s· 8 players
Game mode
Random Map
Map size
Large (8 player)
Population
200
Speed
Normal
Resources
Standard
Victory
Conquest
Starting age
Dark Age
Ending age
Imperial Age
RankedLock teamsTeams togetherTeam positionsShared explorationLock speedFull tech treeHidden civsTurbo modeCheats
Victory
Defeat
🇵🇪 Danes · Peru
1126
+12
🇨🇴 Magyars · Colombia
1066
+15
🇨🇴 Varangians · Colombia
1060
+15
🇨🇴 Huns · Colombia
1013
+17
🇺🇸 Saxons · United States
1043
-15
🇺🇸 Turks · United States
1042
-15
🇬🇧 Inca · United Kingdom
1037
-15
🇺🇸 Japanese · United States
1029
-14
Target Him9038
10:44 Feudal Age
14:03 Double-Bit Axe
16:22 Wheelbarrow
16:04 Gold Mining
16:05 Fishing Lines
19:22 Castle Age
18:19 Loom
20:17 Gillnets
21:22 Hand Cart
21:21 Bow Saw
25:58 Medium Warships
28:51 Fletching
29:03 Padded Archer Armor
29:42 Bodkin Arrow
30:32 Town Watch
35:04 Imperial Age
33:44 Ballistics
33:43 Fortified Wall
33:55 Pikeman
34:22 Gambesons
34:37 Squires
35:03 Scale Mail Armor
35:15 Forging
37:23 Chain Mail Armor
37:45 Iron Casting
Sgt. Shaftoe
11:12 Feudal Age
13:09 Double-Bit Axe
16:58 Castle Age
16:02 Gold Mining
18:13 Man-at-Arms
18:39 Gambesons
19:31 Long Swordsman
26:21 Arson
28:49 Fletching
30:31 Yasama
30:45 Elite Skirmisher
33:03 Wheelbarrow
32:14 Loom
32:14 Town Watch
32:46 Horse Collar
36:15 Imperial Age
33:34 Loom
33:35 Town Watch
33:58 Padded Archer Armor
34:21 Thumb Ring
34:25 Squires
34:40 Bodkin Arrow
37:10 Fishing Lines
37:21 Two-Handed Swordsman
thepatmobile
2:47 Loom
12:18 Feudal Age
13:04 Town Watch
14:12 Wheelbarrow
16:44 Horse Collar
18:51 Gold Mining
19:36 Fletching
22:15 Castle Age
20:46 Stone Mining
21:42 Double-Bit Axe
22:58 Forging
27:52 Gold Shaft Mining
29:52 Bloodlines
30:41 Bodkin Arrow
31:30 Heavy Plow
32:37 Husbandry
34:40 Ballistics
39:03 Murder Holes
39:19 Masonry
BigRig
10:54 Feudal Age
11:44 Loom
11:52 Double-Bit Axe
11:49 Horse Collar
11:37 Champi Runner
12:52 Scale Mail Armor
15:05 Wheelbarrow
17:04 Fletching
20:03 Town Watch
24:04 Castle Age
23:07 Gold Mining
24:51 Bodkin Arrow
24:22 Crossbowman
25:26 Bow Saw
28:14 Heavy Plow
29:06 Chain Mail Armor
31:06 Forging
30:59 Stone Mining
33:13 Gold Shaft Mining
35:10 Iron Casting
34:46 Squires
35:47 Hand Cart
Canablitz7546
6:21 Loom
9:08 Feudal Age
9:53 Double-Bit Axe
10:07 Town Watch
11:25 Horse Collar
14:37 Bloodlines
22:40 Castle Age
21:08 Forging
22:13 Scale Barding Armor
21:59 Gold Mining
23:35 Wheelbarrow
23:54 Bow Saw
23:45 Heavy Plow
23:11 Light Cavalry
24:20 Husbandry
28:06 Chain Barding Armor
31:00 Hand Cart
32:02 Iron Casting
33:18 Gambesons
33:39 Squires
33:26 Arson
38:06 Imperial Age
36:30 Scale Mail Armor
38:29 Elite Varangian Guard
41:06 Two-Man Saw
40:37 Crop Rotation
40:25 Chain Mail Armor
Huesofeo
11:24 Feudal Age
13:25 Double-Bit Axe
14:24 Fishing Lines
17:00 Castle Age
15:41 Gold Mining
17:30 Horse Collar
17:47 Stone Mining
18:19 Bow Saw
19:45 Heavy Plow
21:45 Gold Shaft Mining
22:48 Gillnets
28:14 Imperial Age
26:09 Scale Barding Armor
27:02 Forging
28:09 Chain Barding Armor
28:45 Iron Casting
30:09 Two-Man Saw
30:31 Conscription
31:38 Plate Barding Armor
33:23 Blast Furnace
35:30 Husbandry
35:41 Bloodlines
35:27 Elite Tarkan
37:09 Fletching
37:31 Bloodlines
37:25 Husbandry
38:16 Bodkin Arrow
37:46 Light Cavalry
EminenceShadow
7:37 Loom
9:22 Feudal Age
10:15 Double-Bit Axe
11:06 Man-at-Arms
12:47 Scale Mail Armor
16:22 Forging
16:41 Arson
17:09 Gold Mining
17:08 Horse Collar
19:41 Wheelbarrow
22:27 Castle Age
23:07 Fletching
23:17 Padded Archer Armor
24:07 Bow Saw
24:26 Husbandry
24:37 Bloodlines
24:24 Bodkin Arrow
24:45 Leather Archer Armor
26:36 Ballistics
26:26 Long Swordsman
26:51 Gambesons
27:06 Squires
30:03 Chain Mail Armor
31:06 Hand Cart
30:38 Town Watch
31:35 Heavy Plow
31:28 Stone Mining
37:20 Thumb Ring
38:56 Gold Shaft Mining
40:55 Imperial Age
41:13 Iron Casting
CamiloCor
9:57 Feudal Age
8:13 Loom
10:48 Double-Bit Axe
13:56 Bloodlines
22:54 Castle Age
23:05 Light Cavalry
23:55 Scale Barding Armor
25:12 Bow Saw
24:45 Horse Collar
27:38 Chain Barding Armor
29:15 Corvinian Army
30:19 Wheelbarrow
33:52 Imperial Age
32:25 Gold Mining
33:07 Hand Cart
32:53 Fletching
32:51 Town Watch
34:06 Heavy Plow
37:48 Bodkin Arrow
37:54 Padded Archer Armor
38:58 Plate Barding Armor
38:24 Scale Mail Armor
38:35 Recurve Bow
39:02 Thumb Ring
40:32 Two-Man Saw
40:55 Conscription
40:26 Elite Magyar Huszar
Connection lost

Rejoining the realm…

Still unreachable

The connection could not be restored.

Session expired

The server has moved on; the page needs a fresh start.